 Dungeon Sprint DCSS version 0.29-a0-284-gf9362112df (webtiles) character file.

Game seed: 3209845113828507780

24160 mhtbhm the Phalangite (level 12, -26/174 HPs)
             Began as a Green Draconian Berserker on Mar 27, 2022.
             Was the Champion of Trog.
             Shot with a bolt by a yaktaur captain (30 damage)
             ... in the Dungeon (Sprint III: "The Ten Rune Challenge").
             The game lasted 00:10:20 (5950 turns).

mhtbhm the Phalangite (Green Draconian Berserker)   Turns: 5950, Time: 00:10:20

Health: -26/174    AC: 11    Str: 26    XL:     12   Next: 78%
Magic:  0/12       EV: 16    Int:  9    God:    Trog [******]
Gold:   282        SH:  0    Dex: 10    Spells: 11/11 levels left

rFire   . . .      SeeInvis .   a - +2 bardiche (flame)
rCold   . . .      Faith    .   (shield currently unavailable)
rNeg    + . .      Spirit   .   (body armour unavailable)
rPois   +          Reflect  .   (helmet restricted)
rElec   .          Harm     .   t - +2 cloak
rCorr   .          Rampage  .   (no gloves)
Will    .....      NoTele   +   (no boots)
Stlth   ..........              (no amulet)
HPRegen 0.39/turn               h - ring of positive energy
MPRegen 0.13/turn               (no ring)

@: berserking (expiring), short of breath, very quick
A: breathe noxious fumes, AC +8, unfitting armour, poison resistance,
cold-blooded, frail 1, strong 1
a: Breathe Noxious Fumes, Renounce Religion, Berserk, Trog's Hand, Brothers in
Arms


You were in the Dungeon.
You worshipped Trog.
Trog was exalted by your worship.
You visited 1 branch You collected 1873 gold pieces.
You spent 1591 gold pieces at shops.

Inventory:

Hand Weapons
 a - a +2 bardiche of flaming (weapon)
 q - a +8 antimagic glaive
 v - a +4 glaive of freezing
 w - a +3 demon trident of venom
 y - a +3 bardiche of venom
Missiles
 c - 4 silver javelins (quivered)
 r - 7 curare-tipped darts
Armour
 s - a +1 kite shield of reflection
 t - a +2 cloak (worn)
Jewellery
 h - a ring of positive energy (left hand)
Wands
 n - a wand of flame (33)
 x - a wand of paralysis (12)
Scrolls
 i - 2 scrolls of identify
 k - a scroll of immolation
 m - a scroll of holy word
 u - a scroll of acquirement
Potions
 b - a potion of curing
 d - a potion of haste
 e - 2 potions of magic
 f - a potion of berserk rage
 g - 3 potions of heal wounds
 j - a potion of mutation
 l - 3 potions of flight
 p - 5 potions of might
Miscellaneous
 o - a box of beasts


   Skills:
 + Level 18.9 Fighting
 + Level 21.9 Polearms
 + Level 1.1 Throwing
 + Level 12.9 Dodging
 + Level 13.7 Stealth
 + Level 0.7 Evocations


You had 11 spell levels left.
You didn't know any spells.
Your spell library was empty.

Dungeon Overview and Level Annotations

Branches:
Dungeon (1/1)

Altars:
Cheibriados
Dithmenos
Elyvilon
Fedhas
Gozag
Hepliaklqana
Kikubaaqudgha
Makhleb
Nemelex Xobeh
Okawaru
Qazlal
Ru
Sif Muna
Trog
Uskayaw
Vehumet
Wu Jian
Xom
Yredelemnul
Zin
The Shining One
Beogh
Jiyva
Lugonu

Shops:
D ![!:*=[((?!(


Innate Abilities, Weirdness & Mutations

You can breathe blasts of noxious fumes.
Your lurid green scales are hard. (AC +8)
You cannot fit into any form of body armour.
Your system is resistant to poisons. (rPois)
You are cold-blooded and may be slowed by cold attacks.
You are frail. (-10% HP)
Your muscles are strong. (Str +2)


Message History

The slime creature hits you!
Something hits the bush!!
The slime creature hits you but does no damage.
You open the slime creature like a pillowcase!!!
You burn the slime creature!!
You kill the slime creature!
Trog accepts your kill.
The yaktaur captain wields a +1 arbalest of chaos.
It is briefly surrounded by a scintillating aura of random colours.
The yaktaur captain shoots a bolt.
The bolt hits you!!
You are too injured to fight recklessly!
Aiming: Breathe Noxious Fumes (2% risk of failure)
Press: ? - help, Shift-Dir - straight line, f/p - yaktaur captain
Aim: a yaktaur captain, wielding a +1 arbalest of chaos (88% to hit)
You exhale a blast of noxious fumes.
The blast of choking fumes hits the yaktaur captain!
The yaktaur captain is lightly wounded.
Unknown command.
Unknown command.
A red film seems to cover your vision as you go berserk!
You feel yourself moving faster!
You feel mighty!
The yaktaur captain is engulfed in noxious fumes.
The yaktaur captain shoots a bolt.
The bolt hits you!!
You feel your power leaking away.
You are too injured to fight recklessly!
A faun and a two-headed ogre come into view.
You feel a strong urge to attack something.
The faun shouts!
The two-headed ogre shouts in stereo!
The yaktaur captain is engulfed in noxious fumes.
The yaktaur captain shoots a bolt.
The bolt hits you!!!
* * * LOW HITPOINT WARNING * * *
The bolt burns you.
* * * LOW HITPOINT WARNING * * *
There is an open door, spattered with blood here.
Press: ? - help, v - describe, . - travel
Here: a yaktaur captain, wielding a +1 arbalest of chaos (noxious fumes, lightly wounded)
The floor.
Unknown command.
The yaktaur captain is engulfed in noxious fumes.
The yaktaur captain shoots a bolt.
The bolt hits you!!
You die...

################+
#...#)..#..#....
#...#...#..#..PPP #
##'###'##..#..P.P.#
###.......'..#..P.P.#
##.#.#####.####@○c°..#
##..'.#.).'.#..○°.....#
.'..#######.'..#......#
#####.. ..#.####......#
⌠⌠..#..#..#.#..#......#
⌠⌠∩.#.#.#.#)'..#......#
∩∩∩.#....)#)#..#......#
∩∩∩.#.....#.#..#.cO...#
....#.#)#.'.#..#......#


You could see a yaktaur captain, a two-headed ogre and a faun.

Vanquished Creatures
  Frances (D)
  Donald (D)
  Snorg (D)
  A fire dragon (D)
  2 hydras (D)
  2 centaur warriors (D)
  4 dancing weapons (D)
  A two-headed ogre (shapeshifter) (D)
  2 deep elf knights (D)
  6 orc high priests (D)
  Urug (D)
  A death drake (D)
  A lindwurm (D)
  An orange crystal statue (D)
  2 deep elf pyromancers (D)
  2 deep elf zephyrmancers (D)
  An ugly thing (D)
  A rime drake (D)
  2 cane toads (D)
  2 unseen horrors (D)
  A komodo dragon (D)
  2 tyrant leeches (D)
  3 wandering mushrooms (D)
  A queen bee (D)
  4 spriggan defenders (D)
  A slime creature (D)
  5 blink frogs (D)
  A shadow (D)
  3 redbacks (D)
  A spatial vortex (D)
  A swamp drake (D)
  3 orc warriors (D)
  2 centaurs (D)
  An earth elemental (D)
  A water elemental (D)
  A necrophage (D)
  26 killer bees (D)
  An electric eel (D)
  2 orc priests (D)
  A jelly (D)
  A wizard (D)
  A necromancer (D)
  3 humans (D)
  A kobold demonologist (D)
  A phantom (D)
  3 orcs (D)
  2 endoplasms (D)
  2 rats (D)
110 creatures vanquished.

Vanquished Creatures (collateral kills)
  An orc warrior (D)
  3 killer bees (D)
  An orc priest (D)
  An orc wizard (D)
  A dart slug (D)
  4 orcs (D)
11 creatures vanquished.

Vanquished Creatures (others)
  3 killer bees (D)
  A bush (D)
  8 plants (D)
12 creatures vanquished.

Grand Total: 133 creatures vanquished

Notes
Turn   | Place    | Note
-------+----------+-------------------------------------------
     0 | D        | mhtbhm the Draconian Berserker began the quest for the Orb.
     0 | D        | Reached XP level 1. HP: 19/19 MP: 1/1
    43 | D        | Reached ** piety under Trog
    75 | D        | Reached XP level 2. HP: 27/27 MP: 2/2
    80 | D        | Reached skill level 5 in Fighting
    80 | D        | Reached skill level 4 in Polearms
   145 | D        | Gained mutation: You are somewhat resistant to further
                  | mutation. [potion of mutation]
   146 | D        | Lost mutation: You are somewhat resistant to further
                  | mutation. [potion of mutation]
   146 | D        | Gained mutation: You sometimes lose the ability to read
                  | scrolls when taking damage. [potion of mutation]
   146 | D        | Gained mutation: You have large cloven feet. [potion of
                  | mutation]
   146 | D        | Gained mutation: Your muscles are strong. (Str +2) [potion
                  | of mutation]
   147 | D        | Lost mutation: You have large cloven feet. [potion of
                  | mutation]
   147 | D        | Lost mutation: You sometimes lose the ability to read
                  | scrolls when taking damage. [potion of mutation]
   147 | D        | Gained mutation: You are frail. (-10% HP) [potion of
                  | mutation]
   147 | D        | Gained mutation: Your system is resistant to poisons.
                  | (rPois) [potion of mutation]
   201 | D        | Noticed a water elemental
   211 | D        | Killed a water elemental
   211 | D        | Reached *** piety under Trog
   212 | D        | Reached skill level 6 in Polearms
   212 | D        | Reached skill level 1 in Stealth
   212 | D        | Reached XP level 3. HP: 15/33 MP: 3/3
   212 | D        | Reached XP level 4. HP: 18/39 MP: 4/4
   345 | D        | Found a basalt altar of Yredelemnul.
   345 | D        | Found a shadowy altar of Dithmenos.
   345 | D        | Found a sacrificial altar of Ru.
   345 | D        | Noticed a necrophage
   353 | D        | Killed a necrophage
   354 | D        | Reached skill level 7 in Polearms
   354 | D        | Reached skill level 5 in Dodging
   354 | D        | Reached XP level 5. HP: 46/46 MP: 5/5
   541 | D        | Found a radiant altar of Vehumet.
   541 | D        | Found a shimmering blue altar of Sif Muna.
   541 | D        | Found an ancient bone altar of Kikubaaqudgha.
   544 | D        | Reached **** piety under Trog
   603 | D        | Found a glowing silver altar of Zin.
   603 | D        | Found a glowing golden altar of the Shining One.
   603 | D        | Found a white marble altar of Elyvilon.
   604 | D        | Noticed a deep elf pyromancer
   611 | D        | Killed a deep elf pyromancer
   611 | D        | Reached ***** piety under Trog
   612 | D        | Reached skill level 10 in Fighting
   612 | D        | Reached skill level 10 in Polearms
   612 | D        | Reached XP level 6. HP: 59/59 MP: 6/6
   612 | D        | Your scales start taking on a lurid green colour.
   612 | D        | Reached XP level 7. HP: 64/64 MP: 7/7
   612 | D        | Mutation became permanent: Your system is resistant to
                  | poisons. (rPois) [Green Draconian growth]
   612 | D        | Gained mutation: Your system is resistant to poisons.
                  | (rPois) [Green Draconian growth]
   690 | D        | Found a hide-covered altar of Uskayaw.
   690 | D        | Found an iron altar of Okawaru.
   690 | D        | Found a bloodstained altar of Trog.
   690 | D        | Found an ornate altar of the Wu Jian Council.
   690 | D        | Noticed a human
   690 | D        | Noticed a human
   698 | D        | Killed a human
   711 | D        | Killed a human
   712 | D        | Reached skill level 11 in Polearms
   857 | D        | Received a gift from Trog
   868 | D        | Noticed a shadow
   875 | D        | Killed a shadow
   876 | D        | Reached XP level 8. HP: 48/73 MP: 8/8
  1052 | D        | Found a blossoming altar of Fedhas.
  1052 | D        | Found a stormy altar of Qazlal.
  1052 | D        | Found a snail-covered altar of Cheibriados.
  1052 | D        | Found a burning altar of Makhleb.
  1052 | D        | Found a shimmering altar of Xom.
  1053 | D        | Found a hazy altar of Hepliaklqana.
  1053 | D        | Found an opulent altar of Gozag.
  1053 | D        | Found a sparkling altar of Nemelex Xobeh.
  1053 | D        | Found a corrupted altar of Lugonu.
  1053 | D        | Found a viscous altar of Jiyva.
  1063 | D        | Reached skill level 5 in Stealth
  1084 | D        | Noticed Snorg
  1092 | D        | Killed Snorg
  1093 | D        | Reached skill level 13 in Polearms
  1436 | D        | Noticed a centaur warrior
  1441 | D        | Reached XP level 9. HP: 81/81 MP: 9/9
  1449 | D        | Killed a centaur warrior
  1450 | D        | Reached skill level 14 in Polearms
  1686 | D        | HP: 4/83 [something (6)]
  1689 | D        | HP: 1/83 [something (1)]
  1698 | D        | Killed an unseen horror
  2119 | D        | Killed an unseen horror
  2246 | D        | Noticed a wandering mushroom
  2252 | D        | Noticed a wandering mushroom
  2272 | D        | Killed a wandering mushroom
  2272 | D        | Received a gift from Trog
  2276 | D        | Noticed a wandering mushroom
  2282 | D        | Killed a wandering mushroom
  2287 | D        | Killed a wandering mushroom
  2288 | D        | Reached skill level 15 in Polearms
  2294 | D        | Noticed a cane toad
  2294 | D        | Noticed a komodo dragon
  2294 | D        | Noticed a cane toad
  2300 | D        | Killed a komodo dragon
  2301 | D        | Reached XP level 10. HP: 80/92 MP: 10/10
  2301 | D        | Killed a cane toad
  2303 | D        | Killed a cane toad
  2350 | D        | Reached skill level 10 in Dodging
  2400 | D        | Noticed a lindwurm
  2405 | D        | Killed a lindwurm
  2406 | D        | Reached skill level 16 in Polearms
  2406 | D        | Reached skill level 10 in Stealth
  2415 | D        | Received a gift from Trog
  2415 | D        | Reached ****** piety under Trog
  2416 | D        | Reached skill level 15 in Fighting
  2416 | D        | Noticed Urug
  2418 | D        | Killed Urug
  2539 | D        | Noticed a seven-headed hydra
  2539 | D        | Noticed a six-headed hydra
  2550 | D        | Killed a three-headed hydra
  2553 | D        | Killed a three-headed hydra
  2554 | D        | Reached skill level 17 in Polearms
  2554 | D        | Reached XP level 11. HP: 51/101 MP: 11/11
  2746 | D        | Noticed a death drake
  2753 | D        | Killed a death drake
  3200 | D        | Received a gift from Trog
  3233 | D        | Reached skill level 18 in Polearms
  3631 | D        | Found Gyssujin's Distillery.
  3631 | D        | Noticed an orc high priest
  3631 | D        | Noticed an orc high priest
  3632 | D        | Noticed a soul eater
  3632 | D        | Noticed an orc high priest
  3637 | D        | Killed an orc high priest
  3642 | D        | Killed an orc high priest
  3642 | D        | Received a gift from Trog
  3651 | D        | Killed an orc high priest
  3653 | D        | Received a gift from Trog
  3964 | D        | Bought a potion of heal wounds for 60 gold pieces
  3964 | D        | Bought 2 potions of might for 96 gold pieces
  3970 | D        | Noticed a deep elf knight
  3970 | D        | Noticed a deep elf zephyrmancer
  3970 | D        | Noticed a deep elf pyromancer
  3970 | D        | Noticed a deep elf zephyrmancer
  3970 | D        | Noticed a deep elf knight
  3979 | D        | Killed a deep elf zephyrmancer
  3980 | D        | Reached skill level 1 in Throwing
  3981 | D        | Killed a deep elf knight
  3982 | D        | Reached skill level 19 in Polearms
  3982 | D        | Noticed a deep elf annihilator
  3983 | D        | Noticed a deep elf demonologist
  3987 | D        | Killed a deep elf knight
  3988 | D        | Killed a deep elf pyromancer
  3994 | D        | Killed a deep elf zephyrmancer
  3994 | D        | Received a gift from Trog
  3996 | D        | Noticed a deep elf annihilator
  3996 | D        | Noticed a deep elf pyromancer
  4356 | D        | Identified the ring of Dyaxeaj {rElec rN+ Will+ Str+3
                  | Dex+6}
  4356 | D        | Noticed a deep elf high priest
  4362 | D        | Identified the +3 short sword "Guinum" {vorpal, +Blink
                  | rPois rC+ Dex-5 SInv}
  4422 | D        | Received a gift from Trog
  4440 | D        | Received a gift from Trog
  4451 | D        | Reached XP level 12. HP: 112/112 MP: 12/12
  4458 | D        | Received a gift from Trog
  4589 | D        | Noticed Donald
  4589 | D        | Noticed Frances
  4597 | D        | Killed Donald
  4598 | D        | Reached skill level 20 in Polearms
  4604 | D        | Killed Frances
  4729 | D        | Received a gift from Trog
  5047 | D        | Found Ymanamn's Armour Emporium.
  5047 | D        | Found Ruhakk's Weapon Shop.
  5047 | D        | Found Xuulot's Antique Weapon Shoppe.
  5047 | D        | Found Duururr's Jewellery Boutique.
  5047 | D        | Found Beroobaj's Antique Weapon Emporium.
  5047 | D        | Found Tahie's Distillery.
  5047 | D        | Found Hyigywitz's Magic Scroll Emporium.
  5048 | D        | Found Ireol's Assorted Antiques.
  5048 | D        | Found Zeyc's Book Shoppe.
  5048 | D        | Found Fyllecegg's Distillery.
  5048 | D        | Found Vit Qes's Antique Armour Emporium.
  5083 | D        | Bought a runed cloak for 127 gold pieces
  5105 | D        | Bought a potion of heal wounds for 55 gold pieces
  5105 | D        | Bought a potion of might for 44 gold pieces
  5109 | D        | Bought a potion of heal wounds for 65 gold pieces
  5114 | D        | Bought a scroll of acquirement for 572 gold pieces
  5114 | D        | Bought a scroll of acquirement for 572 gold pieces
  5126 | D        | Acquired a +4 glaive of freezing
  5153 | D        | Received a gift from Trog
  5253 | D        | Noticed a two-headed ogre
  5256 | D        | Killed a two-headed ogre
  5257 | D        | Reached skill level 21 in Polearms
  5271 | D        | Noticed a centaur warrior
  5274 | D        | Killed a centaur warrior
  5423 | D        | Noticed a fire dragon
  5427 | D        | Killed a fire dragon
  5602 | D        | Received a gift from Trog
  5892 | D        | Identified the +2 trident "Ryejaodir" {elec, rC+ Stlth+}
  5912 | D        | Noticed a yaktaur captain
  5949 | D        | Noticed a two-headed ogre
  5949 | D        | HP: 6/174 [yaktaur captain/bolt (47)]
  5950 | D        | Shot with a bolt by a yaktaur captain

Illustrated notes

Levels and vault maps discovered:
D:        dungeon_sprint_mu [sprint_mu_entry_forest, sprint_mu_temple_rooms,
          sprint_mu_d1_horrors, sprint_mu_d2_genie, sprint_mu_d3_branching,
          sprint_mu_orc_legion, sprint_mu_elf_gauntlet, sprint_mu_hive_nellie,
          sprint_mu_lair_fedhas, sprint_mu_vaults_butterflies,
          sprint_mu_slime_circle, sprint_mu_swamp_cave, sprint_mu_shoals_archi,
          sprint_mu_blade_basic, sprint_mu_crypt_chambers,
          sprint_mu_tomb_spiral, sprint_mu_vestibule_basic,
          sprint_mu_gehenna_hellfire, sprint_mu_dis_giant,
          sprint_mu_tartarus_statrot, sprint_mu_cocytus_islands, sprint_mu_zot1]

Skill      XL: |  1  2  3  4  5  6  7  8  9 10 11 12 |
---------------+-------------------------------------+-----
Dodging        | 3 4 5 7 8 9 10 12 | 12.9
Fighting       | 4 6 7 10 11 12 14 15 17 18 | 18.9
Polearms       | 6 7 10 11 13 15 17 19 21 | 21.9
Stealth        | 1 3 4 6 9 10 12 13 | 13.7
Throwing       | 1 |  1.1
Evocations     | |  0.7

Action                   |  1- 3 |  4- 6 |  7- 9 | 10-12 || total
-------------------------+-------+-------+-------+-------++-------
Melee: Spear             |    27 |    33 |   144 |       ||   204
       Tailslap          |     1 |     4 |    20 |    21 ||    46
       Punch             |       |     1 |     4 |       ||     5
       Glaive            |       |       |    11 |   151 ||   162
       Bardiche          |       |       |       |    71 ||    71
Throw: Javelin           |       |       |       |     1 ||     1
Invok: Berserk           |     2 |     2 |     6 |     8 ||    18
       Brothers in Arms  |       |       |       |     2 ||     2
 Abil: Breathe Noxious F |       |       |     5 |     8 ||    13
Evoke: Wand              |       |       |       |     2 ||     2
  Use: Potion            |     3 |       |     2 |       ||     5
       Scroll            |       |       |       |     4 ||     4
 Stab: Sleeping          |     1 |     2 |     1 |    11 ||    15
       Confused          |       |       |     4 |     6 ||    10
Armor: Skin              |       |     2 |    17 |    26 ||    45
Dodge: Dodged            |     5 |     4 |    22 |   108 ||   139

Table legend: (Time is in decaauts)
 A = Elapsed time spent in this place.
 B = Non-inter-level travel time spent in this place.
 C = Inter-level travel time spent in this place.
 D = Time resting spent in this place.
 E = Time spent auto-exploring this place.
 F = Levels seen in this place.
 G = Mean time per level.
                   A        B        C        D        E       F      G
               +--------+--------+--------+--------+--------+-----+--------+
         Total |   6020 |   5997 |     23 |   4634 |     31 |   1 | 6020.0 |
       Dungeon |   6020 |   5997 |     23 |   4634 |     31 |   1 | 6020.0 |
               +--------+--------+--------+--------+--------+-----+--------+

Top non-repeatable levels by time:
       D: 6020 daAuts
